Map: 2000 Atmospheres LE

Players

ShoWTimE - Winner!

  • Race: Protoss Protoss

Kas

  • Race: Terran Terran

Event: DreamHack SC2 Masters 2021 Fall

VOD

Have the link to the VOD?

Description

Time

  • Played on: July 29, 2021, 3:19 p.m.
  • Length: 14:34

All games in this series

Show
View Real Time Build Order
Export as new Build Order

ShoWTimE Protoss - Winner!

Build Orders: 1 Gate Expand, Oracle Opening 

Get SALT Encoding   

  12  0:00  Probe  
  13  0:12  Probe  
  14  0:16  Pylon  
  14  0:24  Probe (Chrono Boost)  
  15  0:35  Gateway  
  15  0:36  Probe (Chrono Boost)  
  16  0:44  Probe (Chrono Boost)  
  16  0:45  Assimilator  
  17  0:51  Probe  
  18  1:03  Probe  
  19  1:15  Probe  
  20  1:21  Nexus  
  20  1:31  Cybernetics Core  
  20  1:34  Probe  
  20  1:39  Assimilator  
  21  1:46  Probe  
  22  1:50  Pylon  
  22  1:58  Probe  
  23  2:05  Adept (Chrono Boost)  
  25  2:10  Probe  
  26  2:19  Stargate  
  26  2:22  Probe (Chrono Boost)  
  27  2:25  Adept (Chrono Boost)  
  29  2:34  Probe (Chrono Boost)  
  29  2:35  Warp Gate  
  31  2:40  Probe (Chrono Boost)  
  31  2:43  Probe (Chrono Boost)  
  32  2:47  Adept, Probe (Chrono Boost)  
  32  2:48  Probe (Chrono Boost)  
  36  2:57  Pylon  
  36  2:58  Probe  
  36  3:00  Probe  
  36  3:05  Oracle (Chrono Boost)  
  38  3:11  Probe  
  38  3:12  Probe  
  43  3:19  Adept  
  45  3:23  Probe  
  45  3:24  Probe  
  47  3:34  Oracle (Chrono Boost)  
  47  3:35  Probe  
  47  3:36  Probe  
  52  3:47  Nexus, Probe  
  51  3:49  Pylon  
  51  3:51  Probe  
  51  3:54  Gateway  
  52  3:59  Probe  
  53  4:03  Probe  
  53  4:09  Assimilator  
  54  4:10  Phoenix  
  54  4:11  Assimilator, Probe  
  54  4:13  Pylon  
  54  4:15  Probe  
  58  4:21  Robotics Facility  
  58  4:24  Pylon, Probe  
  58  4:27  Probe  
  60  4:35  Phoenix  
  62  4:38  Probe  
  62  4:39  Shield Battery  
  62  4:41  Probe  
  64  4:46  Shield Battery  
  64  4:48  Twilight Council  
  64  4:50  Gateway  
  64  4:52  Probe  
  65  4:53  Probe  
  65  4:57  Gateway  
  66  5:02  Gateway  
  66  5:04  Probe  
  66  5:05  Probe  
  68  5:07  Probe  
  70  5:14  Observer, Robotics Bay  
  70  5:16  Sentry  
  70  5:17  Probe  
  70  5:18  Probe  
  70  5:19  Probe  
  75  5:23  Charge (Chrono Boost)  
  75  5:29  Probe  
  75  5:31  Probe x2  
  75  5:32  Pylon  
  77  5:38  Immortal (Chrono Boost)  
  77  5:41  Probe  
  80  5:43  Pylon, Zealot, Probe  
  80  5:46  Zealot  
  80  5:49  Phoenix  
  87  5:56  Pylon  
  87  6:04  Zealot x4  
  87  6:10  Zealot  
  97  6:12  Colossus (Chrono Boost)  
  97  6:13  Pylon  
  97  6:14  Phoenix  
  101  6:32  Pylon, Zealot x5  
  111  6:36  Pylon  
  111  6:37  Extended Thermal Lance  
  111  6:39  Phoenix  
  113  6:46  Pylon  
  111  6:50  Pylon  
  111  6:51  Colossus (Chrono Boost), Probe x2  
  111  6:52  Probe  
  120  7:01  Zealot x4  
  120  7:02  Zealot  
  120  7:07  Pylon  
  130  7:10  Probe x2  
  130  7:11  Phoenix, Probe  
  136  7:22  Probe  
  136  7:23  Probe  
  136  7:24  Probe  
  136  7:25  Assimilator  
  136  7:29  Assimilator  
  138  7:30  Forge  
  138  7:33  Forge  
  139  7:42  Zealot x5  
  144  7:45  Colossus (Chrono Boost)  
  150  7:52  Pylon  
  150  7:56  Pylon, Blink (Chrono Boost)  
  148  8:00  Nexus  
  148  8:06  Zealot x4  
  148  8:09  Protoss Ground Weapons Level 1 (Chrono Boost), Protoss Ground Armor Level 1 (Chrono Boost)  
  156  8:14  Probe  
  156  8:15  Probe x2  
  159  8:29  Probe x2  
  159  8:30  Probe  
  159  8:32  Observer (Chrono Boost)  
  159  8:37  Stalker x3  
  159  8:38  Stalker x2  
  169  8:41  Gateway, Probe  
  169  8:43  Gateway  
  169  8:44  Phoenix  
  169  8:46  Probe  
  173  8:53  Warp Prism (Chrono Boost)  
  173  8:54  Probe x2  
  167  8:58  Probe  
  148  9:04  Zealot x2  
  148  9:05  Zealot x3  
  148  9:08  Probe x2  
  140  9:10  Probe  
  119  9:25  Zealot x5  
  119  9:30  Disruptor (Chrono Boost), Gateway, Probe x2  
  127  9:32  Assimilator  
  127  9:35  Robotics Facility  
  127  9:37  Assimilator  
  130  9:41  Sentry x2  
  134  9:46  Sentry x2, Zealot x3  
  136  9:56  Disruptor (Chrono Boost)  
  129  10:04  Gateway  
  129  10:08  Protoss Ground Weapons Level 2 (Chrono Boost), Protoss Ground Armor Level 2 (Chrono Boost), Gateway  
  129  10:11  Dark Shrine  
  129  10:18  Nexus  
  129  10:19  Pylon  
  129  10:22  Zealot  
  129  10:23  Zealot x6  
  129  10:24  Disruptor (Chrono Boost)  
  146  10:30  Disruptor (Chrono Boost)  
  147  10:40  Stalker  
  147  10:44  Stalker x7  
  157  10:52  Disruptor (Chrono Boost)  
  146  11:07  Zealot x8  
  146  11:08  Zealot x2  
  146  11:10  Disruptor (Chrono Boost)  
  135  11:22  Disruptor (Chrono Boost)  
  132  11:30  Stalker x7, Zealot  
  132  11:31  Zealot x2  
  150  11:36  Shadow Stride (Chrono Boost)  
  150  11:39  Photon Cannon  
  148  11:40  Shield Battery  
  148  11:53  Sentry x2  
  148  11:54  Stalker x2, Zealot x5  
  154  11:55  Gateway  
  154  11:57  Observer (Chrono Boost), Gateway  
  154  11:58  Pylon  
  166  12:01  Gravitic Drive  
  166  12:04  Observer (Chrono Boost)  
  166  12:15  Dark Templar x2  
  166  12:16  Dark Templar x6  
  166  12:17  Dark Templar  
  166  12:21  Warp Prism (Chrono Boost)  
  186  12:25  Immortal (Chrono Boost)  
  188  12:33  Zealot  
  184  12:47  Nexus  
  178  12:52  Zealot x9  
  189  13:16  Immortal (Chrono Boost)  
  190  13:21  Pylon  
  190  13:25  Observer (Chrono Boost)  
  169  13:46  Zealot x12  
Show
View Real Time Build Order
Export as new Build Order

Kas Terran 

Build Orders: Reaper Expand 

Get SALT Encoding   

  12  0:00  SCV  
  13  0:12  SCV  
  14  0:16  Supply Depot  
  14  0:24  SCV  
  15  0:38  SCV, Barracks  
  16  0:43  Refinery  
  16  0:50  SCV  
  17  1:02  SCV  
  18  1:14  SCV  
  19  1:26  Orbital Command  
  19  1:27  Reaper  
  20  1:48  Command Center  
  20  1:53  SCV  
  21  1:54  Supply Depot  
  21  2:00  Marine  
  22  2:05  SCV  
  23  2:09  Factory  
  23  2:17  SCV  
  23  2:18  Refinery  
  23  2:21  Barracks Reactor  
  24  2:29  SCV, Bunker  
  25  2:41  SCV  
  26  2:53  SCV, Hellion  
  26  2:55  Starport  
  26  2:58  Marine x2  
  31  3:06  Orbital Command  
  31  3:07  SCV  
  32  3:17  Factory Tech Lab  
  32  3:19  SCV  
  33  3:21  Marine x2  
  34  3:31  SCV  
  34  3:38  Cyclone  
  34  3:39  Viking  
  38  3:43  SCV  
  38  3:45  Marine x2  
  38  3:47  SCV  
  41  3:55  SCV  
  41  3:57  Barracks  
  41  3:59  SCV  
  41  4:00  Supply Depot  
  42  4:08  SCV  
  41  4:11  SCV  
  41  4:13  Starport Tech Lab  
  41  4:14  Barracks  
  42  4:21  SCV  
  42  4:24  Cyclone  
  44  4:26  SCV  
  44  4:27  Supply Depot  
  45  4:34  SCV  
  45  4:38  SCV  
  47  4:43  Marine x2, Engineering Bay  
  49  4:46  SCV  
  49  4:49  Starport Reactor  
  49  4:50  SCV, Supply Depot  
  49  4:52  Stimpack  
  51  5:02  SCV  
  51  5:03  SCV  
  51  5:06  Refinery  
  53  5:08  Refinery  
  53  5:11  Combat Shield  
  53  5:12  Marine  
  53  5:13  Marine x2  
  53  5:14  Marine, SCV, Factory Reactor  
  56  5:16  SCV  
  56  5:19  Terran Infantry Weapons Level 1  
  59  5:26  SCV  
  59  5:28  SCV  
  61  5:34  Marine x2, Marauder x2  
  67  5:38  SCV  
  67  5:40  Supply Depot, SCV  
  69  5:51  SCV, Supply Depot  
  70  6:01  SCV, Medivac  
  70  6:02  Widow Mine x2  
  77  6:06  Supply Depot  
  77  6:12  Medivac  
  77  6:13  SCV, Marauder x2  
  77  6:15  Supply Depot  
  77  6:18  SCV, Supply Depot  
  85  6:21  Marine  
  86  6:27  SCV  
  86  6:28  Widow Mine x2  
  86  6:32  Concussive Shells  
  91  6:34  Supply Depot, Marauder  
  93  6:42  Marine  
  93  6:43  Marine, Marauder  
  98  6:48  Command Center  
  98  6:50  Supply Depot  
  97  6:55  Widow Mine x2  
  97  6:58  Medivac  
  97  7:01  Medivac  
  105  7:03  Marauder  
  105  7:08  SCV x2  
  109  7:14  Supply Depot  
  109  7:23  Marine x2, Marauder  
  109  7:24  Marauder  
  109  7:25  Widow Mine x2  
  109  7:26  SCV  
  109  7:28  Medivac  
  122  7:34  Barracks  
  120  7:39  Barracks  
  120  7:43  Marine x2  
  115  7:45  Medivac, Marauder  
  115  7:47  Marauder  
  115  7:49  SCV  
  115  7:50  SCV  
  122  7:52  Terran Infantry Armor Level 1  
  122  8:04  SCV  
  123  8:06  Marauder  
  123  8:08  Marauder  
  123  8:10  Marine x2  
  129  8:13  Widow Mine  
  129  8:14  Widow Mine  
  129  8:15  Medivac  
  129  8:19  SCV  
  136  8:25  Barracks Tech Lab  
  136  8:26  Orbital Command  
  133  8:27  Barracks Reactor, Marauder  
  133  8:29  SCV, Missile Turret  
  133  8:31  SCV  
  135  8:42  Marine x2, Marauder  
  135  8:43  Medivac  
  135  8:44  Widow Mine x2  
  135  8:45  Supply Depot  
  135  8:47  Supply Depot x2  
  147  8:48  Marauder  
  147  8:49  Marauder  
  102  9:10  Marauder x2  
  102  9:11  Marine  
  102  9:12  Marine x2, Marauder  
  93  9:25  Marine  
  93  9:27  Medivac x2  
  93  9:28  SCV  
  93  9:29  Marine x2, SCV  
  93  9:30  SCV  
  105  9:31  Marauder x2  
  105  9:35  Marauder  
  105  9:36  Marine, Widow Mine x2  
  112  9:41  SCV  
  112  9:42  Armory, Engineering Bay  
  112  9:43  Marine, SCV x2  
  109  9:52  Marauder  
  109  9:59  Marauder  
  113  10:00  Marauder  
  113  10:02  Marine x2, Viking x2  
  113  10:03  Marine x2  
  113  10:05  Widow Mine x2  
  113  10:06  SCV  
  126  10:10  Refinery  
  126  10:13  Marine  
  127  10:19  SCV  
  127  10:20  Marine x2, SCV x2  
  127  10:21  Marauder x2  
  136  10:22  Supply Depot  
  136  10:26  Marine  
  133  10:30  Widow Mine x2  
  133  10:32  Marauder  
  133  10:34  Terran Infantry Weapons Level 2  
  135  10:38  Marine  
  135  10:42  Marauder x2  
  136  10:48  Marine x2  
  136  10:49  SCV, Armory  
  139  10:53  Marauder  
  136  11:01  SCV  
  136  11:04  Marauder  
  132  11:05  Marauder  
  132  11:10  Marine  
  125  11:14  Marauder  
  125  11:15  Marine x2  
  114  11:23  Marine  
  114  11:25  Marauder  
  102  11:26  Marauder  
  102  11:27  Marine  
  105  11:33  Marine, SCV  
  105  11:34  Widow Mine x2  
  105  11:36  Marauder  
  105  11:39  Marine  
  114  11:40  Medivac x2  
  114  11:41  Marine  
  114  11:42  SCV  
  114  11:43  SCV  
  114  11:45  SCV  
  114  11:46  Marauder  
  124  11:47  Marauder  
  124  11:49  Marine  
  124  11:51  Marine, Command Center  
  128  11:54  Ghost Academy  
  128  11:57  Marauder  
  130  12:04  Marine x2  
  130  12:08  Marauder  
  134  12:09  Widow Mine x2, Marauder  
  134  12:10  Medivac  
  134  12:12  Marine x2, Barracks  
  134  12:13  Barracks x2  
  144  12:17  Supply Depot  
  144  12:20  SCV x2  
  146  12:27  Refinery, Marauder  
  146  12:28  Ghost  
  146  12:29  Marine x2  
  151  12:32  Ghost  
  151  12:34  Marine x2  
  154  12:55  Marauder  
  154  12:57  Marine  
  154  12:58  Marine, Marauder  
  160  13:01  Barracks Tech Lab x2  
  160  13:02  Marauder  
  154  13:15  Ghost  
  154  13:18  Command Center  
  154  13:19  Marauder  
  157  13:21  Ghost  
  157  13:22  Marine, Ghost  
  157  13:24  Viking  
  135  13:36  Marauder  
  135  13:41  Marauder  

Tags
 
Add a new tag
Caveats
  • Supply blocks, unpowered buildings, or Contaminate may cause inaccurate times.
  • Supply counts are checked every 10 seconds.